 Dungeon Crawl Stone Soup version 0.31-a0-232-gb1c03b2570 (webtiles) character file.

Game seed: 2170806763649140684

359 spiderkeys the Conjurer (level 6, -1/39 (47) HPs)
             Began as a Demonspawn Reaver on July 7, 2023.
             Slain by a hound (3 damage)
             ... on level 5 of the Dungeon.
             The game lasted 00:08:52 (2792 turns).

spiderkeys the Conjurer (Demonspawn Reaver)         Turns: 2792, Time: 00:08:52

HP:   -1/39 (47)    AC: 12    Str: 14    XL:     6   Next: 37%
MP:   7/10          EV: 12    Int: 15    God:
Gold: 266           SH:  0    Dex: 11    Spells: 8/11 levels left

rFire   + + .        B - +0 halberd
rCold   + . .        (shield currently unavailable)
rNeg    . . .        q - +1 leather armour {rF+}
rPois   .            (helmet restricted)
rElec   .            k - scarf {rC+ rF+}
rCorr   .            (no gloves)
SInv    .            (no boots)
Will    +....        (no amulet)
Stlth   +            e - ring of the Tortoise {AC+8}
HPRegen 0.26/turn    (no ring)
MPRegen 0.12/turn

%: no passive effects
@: lethally poisoned (-1 -> -2), about to teleport, attractive, enlightened,
flying, very slightly contaminated, slowed, heavily drained, very slow
A: horns 1, spiny 1
a: no special abilities


You were on level 5 of the Dungeon.
You visited 1 branch of the dungeon, and saw 5 of its levels.

You collected 266 gold pieces.


Innate Abilities, Weirdness & Mutations

You have a pair of small horns on your head.
You are partially covered in sharp spines.


   Skills:
 + Level 3.4 Fighting
 + Level 3.7 Polearms
 + Level 3.2 Dodging
 + Level 3.2 Spellcasting
 - Level 4.0 Conjurations
 + Level 0.8 Translocations


You had 8 spell levels left.
You knew the following spells:

 Your Spells              Type           Power      Damage    Failure   Level
X - Kiss of Death         Conj/Necr      32%        2d7       11%         1
Y - Momentum Strike       Conj/Tloc      18%        3d8       14%         2

Your spell library contained the following spells:

 Spells                   Type           Power      Damage    Failure   Level
 Blink                    Tloc           10%        N/A       26%         2
 Lesser Beckoning         Tloc           10%        N/A       26%         2
 Hailstorm                Conj/Ice       8%         3d4       32%         3
 Ensorcelled Hibernation  Hex/Ice        4%         N/A       36%         2
 Passwall                 Tmut/Erth      1%         N/A       36%         2
 Portal Projectile        Hex/Tloc       6%         N/A       54%         3
 Swiftness                Air            2%         N/A       58%         3
 Tukima's Dance           Hex            2%         N/A       58%         3
 Blade Hands              Tmut           1%         N/A       100%        5

Inventory:

Hand Weapons
 a - a +0 spear
 B - a +0 halberd (weapon)
   (You took it off a gnoll on level 4 of the Dungeon)
Missiles
 f - 65 stones
 s - 12 poisoned darts
 A - a throwing net {=f!f}
Armour
 g - a +0 helmet
   (You found it on level 1 of the Dungeon)
 i - a +0 ring mail
   (You found it on level 1 of the Dungeon)
 k - a scarf of resistance (worn)
   (You found it on level 1 of the Dungeon)
 n - a +0 ring mail
   (You found it on level 2 of the Dungeon)
 q - a +1 leather armour of fire resistance (worn)
   (You took it off an orc on level 2 of the Dungeon)
 r - a +0 robe
   (You took it off an orc wizard on level 3 of the Dungeon)
 t - a +0 scale mail
   (You took it off an orc on level 3 of the Dungeon)
 x - a +0 leather armour
   (You found it on level 4 of the Dungeon)
 y - a +0 ring mail
   (You found it on level 4 of the Dungeon)
 z - a +0 robe
   (You found it on level 4 of the Dungeon)
 C - a +0 leather armour
   (You took it off an orc on level 4 of the Dungeon)
Jewellery
 e - the ring of the Tortoise (left hand) {AC+8}
   (You acquired it on level 4 of the Dungeon)

   [ring of protection]

   AC:        It affects your AC (+8).
Scrolls
 b - a scroll of noise {!r}
 d - a scroll of teleportation {@r4}
 h - a scroll of silence {unknown}
 l - a scroll of fear {unknown}
 p - a scroll of immolation {!r!r}
 u - a scroll of amnesia
 D - 2 scrolls of revelation
Potions
 c - a potion of curing {unknown}

Dungeon Overview and Level Annotations

Branches:
Dungeon (5/15) Zot: 26922
 Temple: D:4-7

Altars:
Cheibriados
Fedhas
Hepliaklqana
Nemelex Xobeh
Uskayaw

Shops:
D:3 [

Annotations:
D:5 Grinder

#########
.........
#........
#........
#........
#@o......
#Sh......
...5.....
.#.§....§#
....?.....§
##
......§..
.........
..........


You could see a water moccasin, a hound, an orc priest and an ufetubus.


Message History

The adder is struck by your spines. The adder bites you. The hornet stings you.
You are poisoned.
You feel as though you will be slow longer. 😮 HP[-11] MP[-1]
You take 11 damage, and now have 26/46 hp.
MASSIVE DAMAGE!! (PAUSE)
You lost 1 mp, and now have 8/10 mp.
Casting: Kiss of Death (safe; 11% risk of failure)
Confirm with . or Enter, or press ? or * to list all spells.
Aiming: Kiss of Death (safe; 11% risk of failure)
Press: ? - help, Shift-Dir - straight line, f/p - hornet
Aim: a hornet (lightly wounded, 100% to hit)
You miscast Kiss of Death.
Nothing appears to happen.
You feel very sick. The adder is struck by your spines.
The adder bites you but does no damage.
The hornet stings you but does no damage.
The adder bites you but does no damage. The hornet stings you.
* * * LOW HITPOINT WARNING * * *
You feel as though you will be slow longer. 😨 HP[-7] MP[-1]
You take 7 damage, and now have 19/46 hp.
You lost 1 mp, and now have 7/10 mp.
You feel much better.
You feel sick. The adder bites you. The hornet is struck by your spines.
The hornet stings you.
You feel as though you will be slow longer.
Grinder says, "Mostly I couldn't keep them alive."
The adder is struck by your spines. The adder closely misses you.
The hornet is struck by your spines. The hornet stings you.
You are more poisoned.
You feel as though you will be slow longer. 😮 HP[+11]
You regained 11 hp, and now have 30/46 hp.
Casting: Kiss of Death (safe; 11% risk of failure)
Confirm with . or Enter, or press ? or * to list all spells.
Aiming: Kiss of Death (safe; 11% risk of failure)
Press: ? - help, Shift-Dir - straight line, f/p - hornet
Aim: a hornet (lightly wounded, 100% to hit)
The negative energy hits the hornet but does no damage.
The hornet is drained!
You feel drained.
You feel very sick. The hornet is struck by your spines.
The hornet completely misses you. The adder barely misses you.
The hornet closely misses you.
The adder closely misses you. 😮 HP[-4] MP[-1]
You now have 39 max hp (-7).
You lost 1 mp, and now have 6/10 mp.
Casting: Kiss of Death (safe; 11% risk of failure)
Confirm with . or Enter, or press ? or * to list all spells.
Okay, then.
Okay, then.
Really read
v - a scroll of blinking {!r}?
Blink to where?
Press: ? - help, Dir - move target, p - hornet
As you read the scroll of blinking {!r}, it crumbles to dust.
You feel very sick.
Grinder says, "Are you a fish?" 😮 HP[-4] MP[+1]
You take 4 damage, and now have 22/39 hp.
As you read the scroll of teleportation {@r4}, it crumbles to dust.
You feel strangely unstable.
You feel very sick.
Grinder says, "I used to sell toenails on the black market." 😨 HP[-3]
You take 3 damage, and now have 19/39 hp.
Unknown command.
It was a potion of attraction.
You feel attractive to monsters.
Your surroundings suddenly seem different.
An orc priest, a hound and a water moccasin come into view.
You feel sick.
The orc priest shouts!
The water moccasin hisses angrily.
The water moccasin is attracted toward you.
The orc priest is attracted toward you.
The hound is attracted toward you. 😨 HP[-1]
You take 1 damage, and now have 18/39 hp.
As you read the scroll of teleportation {@r4}, it crumbles to dust.
You feel strangely unstable.
You feel sick.
The hound barks!
You hear a shout! x3
An ufetubus comes into view.
The water moccasin is struck by your spines.
The water moccasin bites you.
* * * LOW HITPOINT WARNING * * *
The orc priest mumbles some strange prayers to Beogh against you.
Pain shoots through your body!
* * * LOW HITPOINT WARNING * * *
The hound is struck by your spines. The hound barely misses you.
The water moccasin bites you but does no damage.
The orc priest is struck by your spines.
The orc priest closely misses you.
The ufetubus is attracted toward you. 😱 HP[-15]
You take 15 damage, and now have 3/39 hp.
MASSIVE DAMAGE!! (PAUSE) It was a potion of enlightenment.
You feel very buoyant.
You fly up into the air.
* * * LOW HITPOINT WARNING * * *
You feel sick. The hound bites you.
You die...

Skill      XL: |  1  2  3  4  5 |
---------------+----------------+-----
Dodging        | 2 3 |  3.2
Polearms       | 3 |  3.7
Fighting       | 3 |  3.4
Spellcasting   | 3 |  3.2
Conjurations   | 4 |  4.0
Translocations | |  0.8

Action                     |  1- 3 |  4- 6 || total
---------------------------+-------+-------++-------
  Melee: Spear             |   116 |    54 ||   170
         Headbutt          |    12 |    13 ||    25
         Halberd           |       |    39 ||    39
  Throw: Throwing net      |       |     1 ||     1
   Cast: Kiss of Death     |     1 |     4 ||     5
         Momentum Strike   |       |     1 ||     1
    Use: Potion            |       |     4 ||     4
         Scroll            |       |    11 ||    11
 Armour: Leather armour    |     7 |    10 ||    17
         Ring mail         |    23 |    14 ||    37
  Dodge: Dodged            |    46 |    52 ||    98

Levels and vault maps discovered:
D:1:      minmay_arrival_nine_rooms, layout_basic, hangedman_decor_opposing,
          wad_floor_pattern_untrapped, minmay_misc_feat_columns
D:2:      layout_rooms, basic_altar
D:3:      layout_basic, nicolae_overflow_crystal_walls, serial_glass,
          glass_columns_b, glass_columns_a, glass_columns_a, glass_columns_a,
          serial_shops, shop, kennysheep_nondescript
D:4:      layout_loops_cross, mainiacjoe_overflow_surrounded_room,
          mainiacjoe_overflow_24_doors
D:5:      layout_rooms, amcnicky_altar_gilded, uniq_grinder

Notes
Turn   | Place    | Note
-------+----------+-------------------------------------------
     0 | D:1      | spiderkeys the Demonspawn Reaver began the quest for the
                  | Orb.
     0 | D:1      | Reached XP level 1. HP: 16/16 MP: 3/3
     0 | D:1      | magus.rc [v1.11.3]
   191 | D:1      | You pick up a book of Burglary and begin reading...
   191 | D:1      | You add the spells Passwall, Ensorcelled Hibernation and
                  | Swiftness to your library.
   507 | D:1      | HP: 2/14 [frozen (2)]
   509 | D:1      | Gained mutation: You have a pair of small horns on your
                  | head. [demonic ancestry]
   509 | D:1      | Reached XP level 2. HP: 4/21 MP: 5/5
   798 | D:2      | Reached skill level 2 in Dodging
   856 | D:2      | Reached skill level 3 in Polearms
   859 | D:2      | Gained mutation: You are partially covered in sharp spines.
                  | [demonic ancestry]
   859 | D:2      | Reached XP level 3. HP: 28/28 MP: 6/6
   942 | D:2      | Found a hide-covered altar of Uskayaw.
  1011 | D:2      | You pick up a book of Weapons and begin reading...
  1011 | D:2      | You add the spells Tukima's Dance, Portal Projectile and
                  | Blade Hands to your library.
  1271 | D:3      | Reached XP level 4. HP: 32/34 MP: 7/7
  1509 | D:3      | Found a hazy altar of Hepliaklqana.
  1522 | D:3      | Found Nimaffas's Armour Shoppe.
  1695 | D:4      | HP: 6/34 [iguana (13)]
  1697 | D:4      | HP: 1/29 [iguana (5)]
  1769 | D:4      | Reached XP level 5. HP: 28/39 MP: 9/9
  1839 | D:4      | You pick up a book of Spatial Translocations and begin
                  | reading...
  1839 | D:4      | You add the spells Blink and Lesser Beckoning to your
                  | library.
  2044 | D:4      | Reached skill level 3 in Fighting
  2284 | D:4      | Reached skill level 3 in Spellcasting
  2284 | D:4      | Reached skill level 4 in Conjurations
  2300 | D:4      | Learned a level 2 spell: Momentum Strike
  2401 | D:4      | Found a snail-covered altar of Cheibriados.
  2445 | D:4      | Reached skill level 3 in Dodging
  2486 | D:4      | Found a blossoming altar of Fedhas.
  2705 | D:4      | Identified a scroll of acquirement
  2705 | D:4      | Acquired the ring of the Tortoise {AC+8}
  2705 | D:4      | Found the ring of the Tortoise {AC+8}
  2722 | D:5      | Entered Level 5 of the Dungeon
  2722 | D:5      | Noticed a water moccasin
  2726 | D:5      | Killed a water moccasin
  2727 | D:5      | Reached XP level 6. HP: 38/45 MP: 6/10
  2755 | D:5      | Found a sparkling altar of Nemelex Xobeh.
  2755 | D:5      | Noticed Grinder
  2778 | D:5      | Noticed a hornet
  2790 | D:5      | Noticed a water moccasin
  2791 | D:5      | HP: 3/39 [orc priest/nerve-wracking pain (10)]
  2792 | D:5      | Slain by a hound

Vanquished Creatures
  A water moccasin (D:5)
  A jelly (D:4)
  2 iguanas (D:4)
  An orc wizard (D:3)
  4 gnolls
  5 adders
  A worm (D:2)
  A dart slug (D:2)
  5 orcs
  7 endoplasms
  A giant cockroach (D:4)
  4 goblins
  4 hobgoblins (D:2)
  3 jackals (D:4)
  7 kobolds
  7 ball pythons
  3 bats
  4 rats
61 creatures vanquished.

Table legend:
 A = Non-vault XP
 B = Vault XP
 C = Vault XP percentage of total XP
 D = Non-vault monster count
 E = Vault monster count
 F = Vault count percentage of total count
                 A         B        C        D         E       F
            +---------+---------+-------+---------+---------+-------
      Total |     514 |       0 |   0.0 |      61 |       0 |   0.0
            +---------+---------+-------+---------+---------+-------
        D:1 |      12 |       0 |   0.0 |       8 |       0 |   0.0
        D:2 |      50 |       0 |   0.0 |      17 |       0 |   0.0
        D:3 |      91 |       0 |   0.0 |      13 |       0 |   0.0
        D:4 |     205 |       0 |   0.0 |      21 |       0 |   0.0
        D:5 |     156 |       0 |   0.0 |       2 |       0 |   0.0
            +---------+---------+-------+---------+---------+-------

Skill      XL: |  1  2  3  4  5 |
---------------+----------------+-----
Dodging        | 2 3 |  3.2
Polearms       | 3 |  3.7
Fighting       | 3 |  3.4
Spellcasting   | 3 |  3.2
Conjurations   | 4 |  4.0
Translocations | |  0.8

Action                     |  1- 3 |  4- 6 || total
---------------------------+-------+-------++-------
  Melee: Spear             |   116 |    54 ||   170
         Headbutt          |    12 |    13 ||    25
         Halberd           |       |    39 ||    39
  Throw: Throwing net      |       |     1 ||     1
   Cast: Kiss of Death     |     1 |     4 ||     5
         Momentum Strike   |       |     1 ||     1
    Use: Potion            |       |     4 ||     4
         Scroll            |       |    11 ||    11
 Armour: Leather armour    |     7 |    10 ||    17
         Ring mail         |    23 |    14 ||    37
  Dodge: Dodged            |    46 |    52 ||    98

Illustrated notes

Table legend:
 A = Kills in this place as a percentage of kills in the entire game.
 B = Kills by you in this place as a percentage of kills by you in the entire game.
 C = Kills by friends in this place as a percentage of kills by friends in the entire game.
 D = Other kills in this place as a percentage of other kills in the entire game.
 E = Experience gained in this place as a percentage of experience gained in the entire game.
 F = Experience gained in this place divided by the number of levels of this place that you have seen.
                   A       B       C       D       E      F
               +-------+-------+-------+-------+-------+----------------------
         Total | 100.0 | 100.0 |   N/A |   N/A | 100.0 | 102.8
       Dungeon | 100.0 | 100.0 |   N/A |   N/A | 100.0 | 102.8
               +-------+-------+-------+-------+-------+----------------------

Table legend: (Time is in decaauts)
 A = Elapsed time spent in this place.
 B = Non-inter-level travel time spent in this place.
 C = Inter-level travel time spent in this place.
 D = Time resting spent in this place.
 E = Time spent auto-exploring this place.
 F = Levels seen in this place.
 G = Mean time per level.
                   A        B        C        D        E       F      G
               +--------+--------+--------+--------+--------+-----+--------+
         Total |   2803 |   2762 |     41 |    325 |   1901 |   5 |  560.6 |
       Dungeon |   2803 |   2762 |     41 |    325 |   1901 |   5 |  560.6 |
               +--------+--------+--------+--------+--------+-----+--------+

Top non-repeatable levels by time:
     D:4: 905 daAuts
     D:1: 761 daAuts
     D:3: 603 daAuts
     D:2: 456 daAuts
     D:5: 76 daAuts
